 Dungeon Crawl Stone Soup version 0.24-a0-333-g864f2b5 (webtiles) character file.

Game seed: 5819125437338929967

21597 MatthieuS the Archer (level 12, -3/110 HPs)
             Began as a Centaur Necromancer on May 17, 2019.
             Was an Elder of Ashenzari.
             Slain by a harpy (13 damage)
             ... summoned by Kirke
             ... on level 5 of the Lair of Beasts.
             The game lasted 01:09:36 (20378 turns).

MatthieuS the Archer (Centaur Necromancer)         Turns: 20378, Time: 01:09:36

Health: -3/110     AC: 17    Str: 11    XL:     12   Next: 55%
Magic:  15/22      EV:  8    Int: 18    God:    Ashenzari [****..]
Gold:   865        SH:  3    Dex: 11    Spells: 10/25 levels left

rFire    + . .     SeeInvis +   a - +2 short sword (venom)
rCold    + . .     Gourm    .   (no shield)
rNeg     + . .     Faith    .   D - +2 robe {rF+}
rPois    +         Spirit   .   Y - +1 helmet
rElec    .         Reflect  +   G - +1 cloak
rCorr    .         Harm     .   i - +1 pair of gloves of Fashionability {rN+}
MR       .....     Clarity  +   q - +0 centaur barding {rC+} (curse)
Stlth    +.........             l - +3 amulet of reflection
HPRegen  0.28/turn              g - ring of poison resistance
MPRegen  0.18/turn              E - +1 ring of protection

@: slowed
A: large, hooves 3, deformed body, speed 2, tough skin 3
a: Curse Item, Scrying, Renounce Religion


You were on level 5 of the Lair of Beasts.
You worshipped Ashenzari.
Ashenzari was greatly pleased with you.
You were hungry.

You visited 2 branches of the dungeon, and saw 15 of its levels.

You collected 1177 gold pieces.
You spent 312 gold pieces at shops.

Inventory:

Hand Weapons
 a - a +2 short sword of venom (weapon)
   (You took it off a kobold on level 2 of the Dungeon)
 j - a +0 shortbow
   (You took it off a centaur on level 6 of the Dungeon)
 C - a +2 scythe of pain
   (You took it off Sigmund on level 5 of the Dungeon)
 L - the +10 rapier of Trog's Brutal Revenge {pierce, MR+ Dex-3 Stlth+}
   (You found it on level 8 of the Dungeon)

   It inflicts extra damage upon your enemies.
   It affects your dexterity (-3).
   It affects your resistance to hostile enchantments.
   It makes you more stealthy.
Missiles
 f - 262 arrows
Armour
 i - the +1 pair of gloves of Fashionability (worn) {rN+}
   (You found it on level 6 of the Dungeon)

   It protects you from negative energy.
 q - a cursed +0 centaur barding of cold resistance (worn)
   (You acquired it on level 9 of the Dungeon)
 D - a +2 robe of fire resistance (worn)
   (You took it off Sigmund on level 5 of the Dungeon)
 G - a +1 cloak (worn)
   (You bought it in a shop on level 7 of the Dungeon)
 Y - a +1 helmet (worn)
   (You found it on level 5 of the Lair of Beasts)
Magical Staves
 M - an uncursed staff of energy {!a}
   (You found it on level 9 of the Dungeon)
Jewellery
 g - a ring of poison resistance (left hand)
   (You found it on level 1 of the Dungeon)
 l - a +3 amulet of reflection (around neck)
   (You found it on level 1 of the Dungeon)
 s - an uncursed ring of protection from cold
   (You found it on level 5 of the Dungeon)
 E - a +1 ring of protection (right hand)
   (You found it on level 5 of the Dungeon)
Wands
 c - a wand of disintegration (29)
   (You found it on level 5 of the Lair of Beasts)
 u - a wand of paralysis (16)
   (You found it on level 9 of the Dungeon)
 v - a wand of scattershot (4)
   (You found it on level 2 of the Lair of Beasts)
 x - a wand of acid (16)
   (You found it on level 1 of the Lair of Beasts)
 X - a wand of enslavement (11)
   (You found it on level 5 of the Lair of Beasts)
Scrolls
 k - a scroll of magic mapping
 r - 8 scrolls of remove curse {@r2}
 y - 3 scrolls of amnesia
 A - 5 scrolls of teleportation {@r4}
 B - a scroll of identify {@r1}
 F - a scroll of holy word
 I - 2 scrolls of enchant weapon
 J - 2 scrolls of immolation {!r}
 O - 2 scrolls of summoning
 P - 2 scrolls of fear
 Q - a scroll of fog
 S - 2 scrolls of enchant armour
 W - a scroll of silence
Potions
 b - 2 potions of might
 h - 3 potions of lignification {!q}
 m - 2 potions of haste {@q3}
 n - 3 potions of flight
 p - 5 potions of curing {@q1}
 w - 3 potions of brilliance
 z - 2 potions of mutation {!q}
 H - 3 potions of ambrosia
 K - 5 potions of agility
 R - a potion of berserk rage
 V - 3 potions of invisibility {unknown}
 Z - 6 potions of heal wounds {@q2}
Comestibles
 e - 20 rations


   Skills:
 + Level 11.1 Fighting
 - Level 5.1 Short Blades
   Level 0.4 Maces & Flails
 - Level 0.1 Polearms
 * Level 11.2 Bows
 - Level 1.3 Dodging
 - Level 1.1 Stealth
 - Level 7.1 Spellcasting
 - Level 3.3 Hexes
 - Level 4.3 Charms
 - Level 9.1 Necromancy
 - Level 3.3 Translocations


You had 10 spell levels left.
You knew the following spells:

 Your Spells              Type           Power        Failure   Level  Hunger
a - Pain                  Necr           ####         1%          1    None
b - Animate Dead          Necr           N/A          2%          4    ####...
c - Portal Projectile     Hex/Tloc       ###...       9%          3    ##.....
e - Regeneration          Chrm/Necr      ####......   1%          3    ##.....
q - Vampiric Draining     Necr           #####.....   1%          3    ##.....
z - Animate Skeleton      Necr           N/A          1%          1    None

Your spell library contained the following spells:

 Spells                   Type           Power        Failure   Level  Hunger
 Corona                   Hex            ###....      2%          1    None
 Slow                     Hex            ###.....     4%          2    None
 Ensorcelled Hibernation  Hex/Ice        ##....       9%          2    None
 Confuse                  Hex            ###.....     9%          3    ##.....
 Tukima's Dance           Hex            ###.....     9%          3    ##.....
 Summon Small Mammal      Summ           #...         11%         1    None
 Call Imp                 Summ           #.......     16%         2    None
 Dazzling Spray           Conj/Hex       ##....       16%         3    ##.....
 Inner Flame              Hex/Fire       ##......     16%         3    ##.....
 Summon Guardian Golem    Hex/Summ       ##......     16%         3    ##.....
 Cause Fear               Hex            ###.......   26%         4    ####...
 Call Canine Familiar     Summ           #.......     32%         3    ##.....
 Leda's Liquefaction      Hex/Erth       ##........   47%         4    ####...
 Summon Ice Beast         Ice/Summ       #.......     71%         4    ####...
 Summon Lightning Spire   Summ/Air       #.......     71%         4    ####...


Dungeon Overview and Level Annotations

Branches:
Dungeon (10/15)            Temple (0/1) D:7            Lair (5/6) D:9
 Shoals (0/4) Lair:4        Snake (0/4) Lair:4
  Slime: Lair:5-6       Orc: D:9-12

Altars:
Ashenzari
Dithmenos
Kikubaaqudgha
Nemelex Xobeh
Qazlal
Vehumet
Xom
Zin

Shops:
D:7 [   D:10 ?

Annotations:
Lair:5 Kirke


Innate Abilities, Weirdness & Mutations

You have hooves in place of feet.
Armour fits poorly on your strangely shaped body.
You cover ground very quickly.
You have extremely tough skin. (AC +3)


Message History

Kirke summons some harpies!
The hog bites you but does no damage.
Your water moccasin skeleton barely misses Kirke.
The hog bites you.
The hog bites your water moccasin skeleton!
Your water moccasin skeleton closely misses Kirke.
Kirke closely misses your water moccasin skeleton.
You call on the dead to rise...
The dead are walking!
You are feeling hungry.
The harpy claws your water moccasin skeleton!!
The harpy claws your water moccasin skeleton.
The harpy barely misses you. The harpy closely misses you.
The hog barely misses you.
The hog bites your water moccasin skeleton!
Your water moccasin skeleton is destroyed!
The harpy barely misses you. The harpy claws you.
You hit the hog.
The hog is poisoned.
You kick the hog. The harpy barely misses you. The harpy claws you.
You block the harpy's attack. The harpy claws you!
The hog bites you but does no damage. The hog closely misses you.
The hog barely misses you.
Your hog zombie barely misses the hog.
You hit the hog.
The hog looks as sick as possible!
You kick the hog!
You kill the hog!
The harpy misses you. The harpy barely misses you. The hog bites you!
The hog closely misses you.
You barely miss Kirke. The harpy barely misses you.
The harpy claws you but does no damage. x3; The hog bites you.
* * * LOW HITPOINT WARNING * * *
Your hog zombie bites the harpy!
The hog bites you but does no damage. Kirke barely misses you.
You hit Kirke but do no damage.
Kirke looks as sick as possible!
The hog bites you but does no damage. You block the harpy's attack.
The harpy claws you.
* * * LOW HITPOINT WARNING * * *
The hog bites you but does no damage. The harpy claws your hog zombie!
The harpy claws your hog zombie.
Kirke points at you and mumbles some strange words.
You feel yourself slow down.
You call on the dead to rise...
The dead are walking!
The harpy closely misses you. The harpy claws you but does no damage.
The harpy claws your hog zombie. x2; The hog closely misses you.
The hog bites you!
* * * LOW HITPOINT WARNING * * *
Your hog zombie bites the harpy!
The harpy claws you!
* * * LOW HITPOINT WARNING * * *
The harpy claws you!
* * * LOW HITPOINT WARNING * * *
The hog completely misses you. Kirke hits you.
* * * LOW HITPOINT WARNING * * *
The hog barely misses you. The harpy claws you!
You die...

# ..P ###* , # * ##..#
*#..#. , #
####...####....#,, ** #
##.#.....#......#
#.#..............,, *,
*#.....Z......... * *
###...............* *
#.P.....h@Z......., * ,
###..<...PH@H....... *
##.#.....#...h.......
#P........#..........
##.......P#...........
###........#####........*
##..........## #.#.....#
.............# ##......#
** * #.........^.#####
#P...#* * *,*
..#.........##..## ##


You could see Kirke, 2 harpies, 2 hogs and 2 friendly hog zombies.

Vanquished Creatures
  Harold (D:7)
  Pikel (D:5)
  2 merfolk sirens (Lair:4)
  5 elephants (Lair:5)
  7 spiny frogs
  A centaur skeleton (D:9)
  5 komodo dragons
  A merfolk (Lair:4)
  6 blink frogs
  5 hippogriffs
  Sigmund (D:5)
  3 wyverns
  11 yaks
  An orc warrior (D:10)
  Eustachio (D:5)
  2 hogs (Lair:5)
  A basilisk (Lair:4)
  A hungry ghost (D:7)
  2 nagas (Lair:4)
  3 water moccasins
  3 slaves (D:5)
  6 porcupines
  5 sky beasts
  A phantom (D:9)
  3 ogres
  4 wolves (Lair:3)
  2 centaurs (D:6)
  5 crocodiles
  4 big kobolds (D:5)
  12 bullfrogs
  A gnoll sergeant (D:6)
  6 scorpions
  8 wights
  8 killer bees
  An electric eel (D:6)
  A howler monkey (D:4)
  6 crimson imps
  A centaur zombie (D:6)
  2 quasits
  2 bullfrog zombies
  A hound (D:4)
  A jelly (D:10)
  3 gnoll shamans (D:6)
  2 orc priests
  2 bullfrog skeletons
  5 iguanas
  4 orc wizards
  8 worker ants
  2 hound skeletons
  A worker ant zombie (D:9)
  34 gnolls
  15 adders
  2 shadow imps
  2 oozes
  2 adder skeletons
  2 adder zombies (D:5)
  6 worms
  2 dart slugs
  6 leopard geckos
  27 orcs
  14 bats
  7 giant cockroaches
  9 goblins
  17 hobgoblins
  17 jackals
  2 ball pythons (D:3)
  8 frilled lizards
  A jackal skeleton (D:6)
  40 kobolds
  A quokka skeleton (D:4)
  A quokka zombie (D:10)
  5 rats
  2 plants
392 creatures vanquished.

Vanquished Creatures (collateral kills)
  2 hydras
  An elephant (Lair:5)
  A black mamba (Lair:1)
  A rime drake (Lair:3)
  A hippogriff (Lair:3)
  2 blink frogs (Lair:3)
  3 yaks (D:10)
  A wyvern (Lair:1)
  A basilisk (Lair:2)
  A water moccasin (Lair:5)
  A porcupine (Lair:3)
  A phantom (D:10)
  5 wolves
  2 crocodiles
  2 bullfrogs
  A wyvern skeleton (D:10)
  A wight (D:6)
  A crimson imp (D:9)
  A centaur zombie (D:6)
  A hound (D:4)
  An orc wizard (D:10)
  2 gnoll shamans (D:6)
  A worker ant (D:9)
  7 gnolls
  A shadow imp (D:9)
  6 orcs
  A jackal (D:6)
  A frilled lizard (D:3)
  9 kobolds (D:5)
  A leopard gecko skeleton (D:4)
  A quokka zombie (D:5)
  A plant (Lair:1)
62 creatures vanquished.

Vanquished Creatures (others)
  A yak (D:10)
  2 fungi (Lair:2)
  3 plants
6 creatures vanquished.

Grand Total: 460 creatures vanquished

Notes
Turn   | Place    | Note
-------+----------+-------------------------------------------
     0 | D:1      | MatthieuS the Centaur Necromancer began the quest for the
                  | Orb.
     0 | D:1      | Reached XP level 1. HP: 14/14 MP: 3/3
   430 | D:1      | Reached XP level 2. HP: 9/22 MP: 1/4
   777 | D:1      | Reached skill level 1 in Fighting
  1108 | D:1      | Reached XP level 3. HP: 20/28 MP: 2/6
  2115 | D:2      | Reached XP level 4. HP: 34/36 MP: 7/7
  2610 | D:2      | Found a glowing silver altar of Zin.
  2736 | D:3      | Found a sparkling altar of Nemelex Xobeh.
  2803 | D:3      | Reached skill level 1 in Short Blades
  2822 | D:3      | Learned a level 1 spell: Animate Skeleton
  2826 | D:3      | Learned a level 3 spell: Regeneration
  2976 | D:3      | Reached XP level 5. HP: 30/42 MP: 8/8
  3475 | D:3      | Found an ancient bone altar of Kikubaaqudgha.
  3600 | D:3      | Found a shattered altar of Ashenzari.
  3606 | D:3      | Became a worshipper of Ashenzari the Shackled
  4189 | D:4      | Reached skill level 1 in Charms
  4189 | D:4      | Reached XP level 6. HP: 41/50 MP: 8/10
  4229 | D:4      | Learned a level 3 spell: Vampiric Draining
  4529 | D:4      | Reached XP level 7. HP: 50/57 MP: 11/11
  4603 | D:4      | Reached skill level 5 in Necromancy
  4816 | D:4      | Found a shimmering altar of Xom.
  5407 | D:5      | Entered Level 5 of the Dungeon
  5424 | D:5      | Found a shadowy altar of Dithmenos.
  5435 | D:5      | Noticed Sigmund
  5454 | D:5      | Killed Sigmund
  5725 | D:5      | Found a stormy altar of Qazlal.
  5728 | D:5      | Noticed an air elemental
  5728 | D:5      | Noticed a fire elemental
  5728 | D:5      | Noticed a water elemental
  5772 | D:5      | Noticed Eustachio
  5801 | D:5      | Killed Eustachio
  5801 | D:5      | Reached XP level 8. HP: 14/67 MP: 13/13
  6195 | D:5      | Reached * piety under Ashenzari
  6356 | D:5      | Reached skill level 5 in Fighting
  6767 | D:5      | Found a shadowy altar of Dithmenos.
  6972 | D:5      | Noticed Pikel
  7279 | D:5      | Killed Pikel
  7279 | D:5      | Reached XP level 9. HP: 57/75 MP: 14/16
  7606 | D:6      | Reached skill level 5 in Short Blades
  7901 | D:6      | Found a radiant altar of Vehumet.
  7933 | D:6      | Learned a level 4 spell: Animate Dead
  8234 | D:6      | Got the uncursed pair of gloves of Fashionability {rN+}
  8245 | D:6      | Identified the +1 pair of gloves of Fashionability {rN+}
                  | (You found it on level 6 of the Dungeon)
  8284 | D:6      | Reached skill level 5 in Spellcasting
 10253 | D:7      | Found a staircase to the Ecumenical Temple.
 10402 | D:7      | Reached XP level 10. HP: 68/86 MP: 18/18
 10589 | D:7      | Noticed Harold
 10806 | D:7      | Killed Harold
 11134 | D:7      | Found Zoinnig's Armour Boutique.
 11138 | D:7      | Bought a +0 cloak for 72 gold pieces
 11839 | D:8      | Got the rapier of Trog's Brutal Revenge {pierce, MR+ Dex-3
                  | Stlth+}
 11840 | D:8      | Identified the +10 rapier of Trog's Brutal Revenge {pierce,
                  | MR+ Dex-3 Stlth+} (You found it on level 8 of the Dungeon)
 12068 | D:8      | Reached ** piety under Ashenzari
 12675 | D:9      | Identified a scroll of acquirement
 13054 | D:9      | Found a staircase to the Lair.
 13177 | D:10     | Entered Level 10 of the Dungeon
 13546 | D:10     | Reached XP level 11. HP: 39/95 MP: 17/21
 13853 | D:10     | Found Wateaco's Magic Scroll Emporium.
 13861 | D:10     | Bought a scroll of fear for 35 gold pieces
 13861 | D:10     | Bought a scroll of immolation for 35 gold pieces
 13861 | D:10     | Bought a scroll of remove curse for 30 gold pieces
 13861 | D:10     | Bought a scroll of identify for 20 gold pieces
 13861 | D:10     | Bought a scroll of teleportation for 30 gold pieces
 13861 | D:10     | Bought a scroll of identify for 20 gold pieces
 13861 | D:10     | Bought a scroll of amnesia for 35 gold pieces
 13861 | D:10     | Bought a scroll of amnesia for 35 gold pieces
 14278 | D:10     | Learned a level 3 spell: Portal Projectile
 14523 | Lair:1   | Entered Level 1 of the Lair of Beasts
 14543 | Lair:1   | Noticed a four-headed hydra
 14720 | Lair:1   | Reached skill level 1 in Bows
 14846 | Lair:1   | Reached skill level 1 in Hexes
 14894 | Lair:1   | Reached skill level 1 in Translocations
 14935 | Lair:1   | Killed a four-headed hydra
 15653 | Lair:1   | Reached *** piety under Ashenzari
 16793 | Lair:2   | Reached skill level 5 in Bows
 17169 | Lair:2   | Reached skill level 10 in Fighting
 17518 | Lair:3   | Noticed a five-headed hydra
 17531 | Lair:3   | Killed a five-headed hydra
 17599 | Lair:3   | Reached XP level 12. HP: 94/106 MP: 19/22
 19021 | Lair:4   | Got the cursed long sword of Hyusi {vamp, rElec rF- Dex+4}
 19231 | Lair:4   | Found a staircase to the Snake Pit.
 19548 | Lair:4   | Found a staircase to the Shoals.
 19575 | Lair:4   | HP: 3/108 [merfolk siren/+0 spear (11)]
 19590 | Lair:4   | Reached skill level 10 in Bows
 19591 | Lair:4   | Reached **** piety under Ashenzari
 20364 | Lair:5   | Noticed Kirke
 20378 | Lair:5   | Slain by a harpy

Levels and vault maps discovered:
D:1:      minmay_arrival_nine_rooms, layout_rooms, minmay_small_reverse_x
D:2:      layout_loops_ring, zin_statuary, minmay_strange_pillars
D:3:      layout_loops_corners, nicolae_overflow_crystal_walls,
          kiku_gazebo_pond_becter, lemuel_crystal_altar, roderic_lattice_a,
          minmay_joined_circles
D:4:      layout_basic, led_xom_imps
D:5:      minmay_goblin_kobold_castle, layout_basic, marbit_many_paths,
          first_ration, basic_altar, nicolae_qazlal_style_of_elements,
          uniq_eustachio, uniq_pikel, uniq_sigmund
D:6:      lemuel_castle_with_subvaults [lemuel_castle_interior_carwin_3],
          layout_basic, overflow_temple_1_default, minivault_14
D:7:      layout_basic, temple_hall, serial_shops, nicolae_shop_crystal,
          lightli_bailey_entry_fortress, minmay_misc_feat_ornament, uniq_harold
D:8:      layout_loops_ring
D:9:      layout_basic, david_lair_shrubbed
D:10:     layout_cave_pods, serial_shops, shop_scrolls
Lair:1:   layout_chaotic_city, grunt_megastairs_2
Lair:2:   layout_roguey
Lair:3:   layout_loops_ring
Lair:4:   layout_cave_shapes, elwin_shoals_entry_rooms,
          guppyfry_snake_entry_island
Lair:5:   layout_cave_pods, minmay_slime_entry_oklob_enclosed, uniq_josephine,
          uniq_kirke

Skill      XL: |  1  2  3  4  5  6  7  8  9 10 11 12 |
---------------+-------------------------------------+-----
Fighting       | 1 2 3 4 5 7 8 10 11 | 11.1
Spellcasting   | 2 3 4 5 6 7 |  7.1
Necromancy     | 4 5 6 7 8 9 |  9.1
Short Blades   | 1 2 3 4 5 |  5.1
Charms         | 1 2 3 4 |  4.3
Bows           | 7 11 | 11.2
Hexes          | 3 |  3.3
Translocations | 3 |  3.3
Maces & Flails | |  0.4
Polearms       | |  0.1
Dodging        | |  1.3
Stealth        | |  1.1

Action                   |  1- 3 |  4- 6 |  7- 9 | 10-12 || total
-------------------------+-------+-------+-------+-------++-------
Melee: Unarmed           |     5 |       |       |       ||     5
       Kick              |     5 |    35 |    91 |   150 ||   281
       Club              |     8 |       |       |       ||     8
       Whip              |    38 |       |    58 |       ||    96
       Short sword       |     2 |   173 |   372 |   614 ||  1161
       Rapier            |       |       |       |   197 ||   197
       Scythe            |       |       |       |    32 ||    32
 Fire: Shortbow          |       |       |   209 |    43 ||   252
Throw: Stone             |    30 |       |       |       ||    30
 Cast: Pain              |    46 |     5 |    29 |    27 ||   107
       Animate Skeleton  |       |    12 |    49 |    38 ||    99
       Regeneration      |       |     1 |    15 |    31 ||    47
       Vampiric Draining |       |       |       |    39 ||    39
       Animate Dead      |       |       |       |    13 ||    13
Evoke: Wand              |       |       |     7 |    27 ||    34
  Use: Scroll            |       |    10 |       |    17 ||    27
       Potion            |       |       |       |     7 ||     7
 Stab: Distracted        |       |       |     1 |       ||     1
       Sleeping          |       |       |       |     2 ||     2
  Eat: Chunk             |     4 |     7 |    11 |    17 ||    39
       Ration            |       |       |     2 |     8 ||    10
Armor: Robe              |    45 |    50 |   231 |   549 ||   875
       Skin              |       |       |       |    52 ||    52
Dodge: Dodged            |    54 |    91 |   244 |   386 ||   775
Block: Other             |       |     5 |    66 |    55 ||   126
       Reflection        |       |       |     8 |     2 ||    10
       Buckler           |       |       |     3 |   120 ||   123

Table legend:
 A = Non-vault XP
 B = Vault XP
 C = Vault XP percentage of total XP
 D = Non-vault monster count
 E = Vault monster count
 F = Vault count percentage of total count
                 A         B        C        D         E       F
            +---------+---------+-------+---------+---------+-------
      Total |   24894 |    5960 |  19.3 |     296 |     152 |  33.9
            +---------+---------+-------+---------+---------+-------
        D:1 |      42 |       6 |  12.5 |      22 |       4 |  15.4
        D:2 |      91 |       0 |   0.0 |      16 |       0 |   0.0
        D:3 |     139 |      56 |  28.7 |      22 |      16 |  42.1
        D:4 |     500 |     192 |  27.7 |      28 |       4 |  12.5
        D:5 |     581 |    1546 |  72.7 |      17 |      53 |  75.7
        D:6 |    1295 |     689 |  34.7 |      28 |      52 |  65.0
        D:7 |     959 |    1067 |  52.7 |      23 |      13 |  36.1
        D:8 |     908 |       0 |   0.0 |      11 |       0 |   0.0
        D:9 |    1755 |     333 |  15.9 |      20 |       1 |   4.8
       D:10 |    2143 |       0 |   0.0 |      33 |       0 |   0.0
     Lair:1 |    4975 |     127 |   2.5 |      22 |       2 |   8.3
     Lair:2 |    2997 |       0 |   0.0 |      15 |       0 |   0.0
     Lair:3 |    4262 |       0 |   0.0 |      22 |       0 |   0.0
     Lair:4 |    1420 |    1555 |  52.3 |       6 |       5 |  45.5
     Lair:5 |    2827 |     389 |  12.1 |      11 |       2 |  15.4
            +---------+---------+-------+---------+---------+-------
